Map: Oxide LE

Players

Lambo

  • Race: Zerg Zerg
  • League: Grandmaster

Serral - Winner!

  • Race: Zerg Zerg
  • League: Master

Event: DreamHack SC2 Masters 2021 Summer

VOD

Have the link to the VOD?

Description

Time

  • Played on: June 5, 2021, 10:49 a.m.
  • Length: 10:55

All games in this series

Show
View Real Time Build Order
Export as new Build Order

Lambo Zerg 

Build Orders: Hatch First, Zergling Baneling 

Get SALT Encoding   

  12  0:00  Drone  
  13  0:12  Overlord  
  13  0:19  Drone  
  14  0:30  Drone x2  
  16  0:47  Hatchery  
  15  0:50  Drone  
  15  0:54  Drone  
  17  0:57  Drone  
  18  1:04  Extractor  
  17  1:13  Spawning Pool  
  17  1:16  Drone  
  17  1:19  Drone  
  18  1:27  Drone  
  19  1:38  Drone  
  20  1:49  Drone  
  21  1:59  Queen  
  21  2:00  Overlord, Queen, Drone  
  26  2:08  Metabolic Boost  
  26  2:10  Drone  
  26  2:11  Zergling x2  
  28  2:21  Zergling x2, Drone  
  30  2:31  Baneling Nest  
  30  2:33  Zergling x2  
  30  2:35  Overlord  
  30  2:43  Zergling x2  
  33  2:49  Evolution Chamber  
  32  2:51  Zergling x2  
  33  3:01  Zergling x4  
  35  3:08  Zergling x10  
  40  3:14  Zergling x6  
  41  3:21  Overlord  
  41  3:24  Zergling x2  
  42  3:30  Zergling x2  
  43  3:37  Baneling x2  
  43  3:39  Zergling x2  
  43  3:40  Baneling x5  
  43  3:41  Zergling x2  
  45  3:45  Zergling x6  
  47  3:49  Baneling  
  47  3:50  Zergling x2  
  47  3:51  Zergling x4  
  50  3:57  Zergling x2  
  50  4:00  Zergling x2  
  50  4:02  Zergling x2  
  51  4:09  Baneling  
  50  4:12  Zergling x4  
  46  4:17  Zergling x6  
  46  4:19  Baneling x2  
  46  4:23  Zergling x2  
  46  4:24  Zergling x2  
  48  4:26  Zergling x2  
  48  4:29  Zergling x2  
  47  4:33  Zergling x2  
  47  4:35  Zergling x2  
  47  4:44  Zergling x2  
  44  4:47  Zergling x2  
  44  4:51  Drone  
  35  5:00  Drone x6  
  41  5:13  Baneling x2  
  40  5:17  Hatchery  
  40  5:18  Baneling  
  40  5:20  Zergling x2  
  40  5:21  Baneling  
  40  5:24  Baneling  
  40  5:25  Baneling  
  40  5:27  Zergling x2  
  40  5:28  Zergling x2  
  42  5:33  Zergling x4  
  44  5:38  Zergling x2  
  44  5:39  Zergling x4  
  46  5:43  Zergling x2  
  46  5:44  Zergling x6  
  48  5:50  Hatchery  
  48  5:54  Zerg Melee Weapons Level 1  
  47  6:02  Zergling x6  
  50  6:06  Baneling x2  
  50  6:14  Drone x2  
  50  6:18  Overlord  
  52  6:21  Overlord  
  52  6:24  Overlord  
  52  6:26  Overlord  
  52  6:28  Overlord  
  52  6:37  Drone x5  
  57  6:43  Extractor  
  56  6:50  Zergling x12  
  62  6:56  Baneling  
  62  6:57  Baneling x2  
  62  7:01  Zergling x4  
  62  7:08  Zergling x6  
  63  7:17  Zergling x2, Queen  
  65  7:24  Baneling x2  
  65  7:26  Lair  
  65  7:27  Zergling x12  
  71  7:31  Extractor  
  70  7:37  Overlord  
  68  7:46  Drone x4  
  68  7:47  Roach Warren  
  69  7:51  Zerg Missile Weapons Level 1  
  69  7:54  Drone x2  
  71  8:08  Drone x2  
  71  8:09  Drone x3  
  76  8:19  Zergling x16  
  76  8:24  Drone x2  
  78  8:31  Spire  
  78  8:33  Glial Reconstitution  
  77  8:36  Extractor  
  77  8:38  Drone x3  
  79  8:43  Drone x3  
  82  8:52  Roach x3  
  92  8:55  Roach x2  
  92  8:56  Roach x2  
  92  9:01  Roach  
  92  9:02  Overlord  
  98  9:03  Overlord  
  98  9:06  Overlord  
  98  9:10  Overlord  
  96  9:17  Roach x3  
  96  9:21  Roach  
  96  9:24  Roach x2  
  94  9:30  Roach x3  
  98  9:36  Roach x3  
  104  9:39  Roach  
  104  9:42  Roach x2  
  104  9:45  Roach  
  112  9:50  Roach x2  
  112  9:52  Roach  
  118  9:54  Ravager x4  
  118  9:56  Roach  
  124  10:00  Roach  
  124  10:01  Roach  
  124  10:03  Overlord  
  128  10:07  Ravager  
  128  10:14  Overlord  
  129  10:17  Overlord  
  129  10:26  Roach x2  
  122  10:30  Roach x7  
  122  10:33  Roach  
  122  10:35  Roach x2  
Show
View Real Time Build Order
Export as new Build Order

Serral Zerg - Winner!

Build Orders: Hatch First, Zergling Baneling 

Get SALT Encoding   

  12  0:00  Drone  
  13  0:11  Overlord  
  13  0:16  Drone  
  14  0:30  Drone x2  
  16  0:47  Hatchery  
  15  0:50  Drone  
  15  0:54  Drone  
  17  0:57  Drone  
  18  1:07  Extractor  
  17  1:13  Spawning Pool  
  17  1:15  Drone  
  17  1:19  Drone  
  18  1:27  Drone  
  19  1:38  Drone  
  20  1:48  Drone  
  21  1:59  Queen x2  
  21  2:00  Zergling x2, Overlord  
  26  2:08  Metabolic Boost  
  26  2:09  Drone  
  26  2:10  Drone  
  28  2:20  Drone  
  28  2:21  Drone  
  30  2:33  Hatchery  
  30  2:35  Drone  
  30  2:38  Drone  
  30  2:42  Drone  
  32  2:44  Overlord  
  32  2:51  Evolution Chamber  
  31  2:52  Drone  
  31  2:54  Drone  
  33  3:03  Drone  
  33  3:04  Drone  
  35  3:10  Zergling x6  
  35  3:12  Zergling x6  
  40  3:19  Baneling Nest  
  39  3:22  Zergling x2  
  39  3:23  Zergling x2  
  41  3:32  Overlord  
  41  3:33  Zergling x2  
  42  3:39  Zergling x4  
  44  3:47  Evolution Chamber  
  43  3:48  Zergling x2  
  43  3:49  Zergling x10  
  43  3:53  Zergling x2  
  47  4:02  Baneling x3  
  46  4:04  Zergling x4  
  46  4:05  Zergling x2  
  46  4:08  Baneling  
  46  4:09  Zergling x2  
  44  4:11  Baneling x2  
  44  4:13  Zergling x4  
  35  4:18  Zergling x2  
  35  4:22  Baneling x2, Zergling x2  
  35  4:27  Zergling x2  
  35  4:28  Zergling x2  
  37  4:32  Zergling x4  
  37  4:36  Baneling x2  
  37  4:39  Zergling x2  
  37  4:43  Zergling x2  
  37  4:44  Zergling x2  
  40  4:50  Baneling x2, Zergling x2  
  37  5:02  Queen  
  37  5:04  Baneling  
  40  5:07  Drone x2  
  40  5:14  Drone x3  
  43  5:22  Zergling x2  
  43  5:26  Drone x2  
  43  5:27  Drone  
  47  5:31  Queen  
  49  5:39  Drone x2  
  49  5:43  Drone x3  
  49  5:48  Zergling x2  
  49  5:49  Zergling x2  
  52  5:50  Zergling x2  
  52  5:55  Zerg Ground Armor Level 1  
  53  5:57  Zergling x2  
  53  6:03  Zergling x4  
  55  6:11  Baneling x2  
  55  6:13  Queen  
  57  6:24  Overlord  
  57  6:29  Overlord  
  57  6:35  Extractor  
  57  6:36  Roach Warren, Queen  
  57  6:41  Drone  
  57  6:42  Queen  
  57  6:43  Drone x5  
  57  6:46  Drone x2  
  65  6:47  Drone  
  65  6:50  Drone  
  65  6:53  Drone  
  67  6:55  Baneling  
  67  6:59  Drone x2  
  67  7:00  Extractor  
  67  7:01  Drone x2  
  70  7:04  Baneling x2  
  66  7:09  Zergling x4  
  67  7:18  Drone x2  
  67  7:22  Roach x2  
  73  7:27  Overlord x2  
  73  7:28  Lair  
  73  7:31  Overlord  
  73  7:35  Baneling x2  
  73  7:42  Roach x2  
  73  7:51  Drone x2  
  73  7:52  Drone x2  
  73  7:56  Roach x3  
  83  8:01  Overlord x2  
  83  8:05  Roach x2  
  86  8:06  Drone x3  
  90  8:12  Drone  
  90  8:14  Roach x2  
  94  8:21  Extractor  
  94  8:23  Zerg Missile Weapons Level 1, Roach x3  
  94  8:24  Roach  
  101  8:29  Overseer  
  101  8:36  Glial Reconstitution  
  101  8:40  Drone  
  101  8:41  Drone x2  
  104  8:43  Drone x2  
  104  8:45  Extractor  
  104  8:48  Extractor, Drone x2  
  100  8:49  Drone x3  
  105  9:06  Overlord  
  105  9:07  Overlord x3  
  105  9:09  Overlord  
  105  9:10  Overlord  
  105  9:14  Overlord  
  101  9:19  Roach x3  
  101  9:20  Roach x2  
  101  9:22  Roach  
  101  9:23  Roach x4  
  101  9:24  Roach  
  105  9:27  Roach  
  105  9:28  Roach  
  105  9:31  Roach x2  
  105  9:34  Roach  
  105  9:38  Roach x2  
  111  9:44  Overlord  
  111  9:45  Overlord  
  111  9:48  Roach x3  
  111  9:52  Roach x2  
  121  9:58  Roach  
  121  9:59  Roach x2  
  127  10:03  Overlord  
  127  10:04  Spine Crawler  
  127  10:06  Roach x2  
  130  10:11  Roach x2  
  134  10:16  Roach  
  134  10:17  Roach x2  
  134  10:20  Roach  
  134  10:21  Roach  
  133  10:29  Roach x4  
Tags
 
Add a new tag
Caveats
  • Supply blocks, unpowered buildings, or Contaminate may cause inaccurate times.
  • Supply counts are checked every 10 seconds.